 Dungeon Crawl Stone Soup version 0.31-a0-640-g39d97e502b (webtiles) character file.

Game seed: 9293616223829874446

42 qw the Shooter (level 3, -2/21 HPs)
             Began as a Gargoyle Hunter on Aug 27, 2023.
             Slain by Ijyb
             ... wielding a +0 club
              (4 damage)
             ... on level 2 of the Dungeon.
             The game lasted 00:00:30 (956 turns).

qw the Shooter (Gargoyle Hunter)                     Turns: 956, Time: 00:00:31

Health: -2/21      AC:  4    Str: 14    XL:     3   Next: 56%
Magic:  3/3        EV: 10    Int:  9    God:
Gold:   116        SH:  0    Dex: 15    Spells: 2/2 levels left

rFire   . . .        Y - +0 shortbow
rCold   . . .        (shield currently unavailable)
rNeg    + . .        h - +0 ring mail
rPois   inf          (no helmet)
rElec   +            (no cloak)
rCorr   .            (no gloves)
SInv    .            (no boots)
Will    .....        (no amulet)
Stlth   +            (no ring)
HPRegen 0.23/turn    (no ring)
MPRegen 0.08/turn

%: no passive effects
@: corroded
A: sickness immunity, AC +3, negative energy resistance 1, electricity
resistance, torment resistance 1, petrification resistance
a: no special abilities


You were on level 2 of the Dungeon.
You visited 1 branch of the dungeon, and saw 3 of its levels.

You collected 116 gold pieces.


Innate Abilities, Weirdness & Mutations

You are immune to sickness and miasma.
Your stone body is resilient. (AC +3)
You are immune to poison.
You resist negative energy. (rN+)
You are resistant to electric shocks. (rElec)
You are resistant to unholy torment.
You are immune to petrification.


   Skills:
 + Level 2.2 Fighting
 - Level 5.0 Ranged Weapons
 - Level 1.2 Armour
 - Level 1.5 Dodging
 - Level 1.1 Stealth


You had 2 spell levels left.
You didn't know any spells.
Your spell library was empty.

Inventory:

Hand Weapons
 Y - a +0 shortbow (weapon)
Armour
 h - a +0 ring mail (worn)
Jewellery
 d - a ring of fire
Scrolls
 a - a scroll of identify
Potions
 e - a potion of enlightenment
 f - a potion of lignification {unknown}

Dungeon Overview and Level Annotations

Branches:
Dungeon (3/15)

Altars:
Gozag

Annotations:
D:2 Ijyb


Message History

You climb downwards.
Level annotation: Ijyb
There is a stone staircase leading up here.
Ijyb is nearby!
You shoot an arrow. The arrow hits Ijyb.
Ijyb is lightly wounded.
You shoot an arrow. The arrow closely misses Ijyb.
Ijyb barely misses you.
You shoot an arrow. The arrow hits Ijyb.
Ijyb is lightly wounded.
Ijyb closely misses you.
You shoot an arrow. The arrow barely misses Ijyb.
Ijyb hits you with a +0 club.
You shoot an arrow. The arrow hits Ijyb.
Ijyb is moderately wounded.
Ijyb hits you with a +0 club.
You shoot an arrow. The arrow hits Ijyb but does no damage.
Ijyb is moderately wounded.
Ijyb barely misses you. Ijyb misses you.
You shoot an arrow. The arrow hits Ijyb but does no damage.
Ijyb is moderately wounded.
Ijyb zaps a wand.
The bolt of acid misses you.
You hear a shout!
You shoot an arrow. The arrow closely misses Ijyb.
A goblin comes into view. It is wielding a +0 dagger.
Ijyb hits you with a +0 club.
951 ||| STAIRDANCE Ijyb hits you but does no damage.
You climb upwards.
There is a stone staircase leading down here.
You shoot an arrow. The arrow closely misses Ijyb.
Ijyb barely misses you.
You shoot an arrow. The arrow closely misses Ijyb.
Ijyb closely misses you. Ijyb hits you with a +0 club.
You shoot an arrow. The arrow closely misses Ijyb.
Ijyb zaps a wand.
The bolt of acid hits you! The acid corrodes you!
You shoot an arrow. The arrow hits Ijyb but does no damage.
Ijyb is moderately wounded.
Ijyb hits you with a +0 club.
You die...

######## ##.....[##
##........##
#.........¤#
#.........¤#
#.@........#
#.g.[......### ##
#............# #.
##...........#####.
#...(.........#.%..
#.........).....###
#................##
#..............#...
#).................


You could see Ijyb.

Vanquished Creatures
  An adder (D:3)
  A worm (D:2)
  An orc (D:3)
  3 bats
  2 endoplasms
  2 giant cockroaches (D:1)
  3 goblins
  3 hobgoblins
  5 ball pythons
  2 frilled lizards (D:1)
  2 kobolds
  2 rats
27 creatures vanquished.

Notes
Turn   | Place    | Note
-------+----------+-------------------------------------------
     0 | D:1      | qw the Gargoyle Hunter began the quest for the Orb.
     0 | D:1      | Reached XP level 1. HP: 12/12 MP: 1/1
     0 | D:1      | 0 ||| qw: Version: 0.3-a-74-g0d5e918
     0 | D:1      | 0 ||| qw: Game counter: 138
     0 | D:1      | 0 ||| qw: Melee chars always use a shield: true
     0 | D:1      | 0 ||| qw: God list: Okawaru
     0 | D:1      | 0 ||| qw: Allow faded altars: false
     0 | D:1      | 0 ||| qw: Do Orc after clearing Dungeon:15 true
     0 | D:1      | 0 ||| qw: Do second Lair branch before Depths: true
     0 | D:1      | 0 ||| qw: Lair rune preference: random
     0 | D:1      | 0 ||| qw: Goals: Normal
     0 | D:1      | 0 ||| PLANNING D:1-11
   134 | D:1      | Reached XP level 2. HP: 17/17 MP: 2/2
   408 | D:1      | 408 ||| READING scroll labelled HETOCI LI GIFOG.
   409 | D:1      | 409 ||| DROPPING scroll of butterflies.
   494 | D:2      | Found an opulent altar of Gozag.
   580 | D:2      | Reached XP level 3. HP: 21/21 MP: 3/3
   589 | D:2      | Identified the +11 mace of Youthful Indiscretion {drain,
                  | rN+ Str+2 Stlth+}
   711 | D:2      | Reached skill level 5 in Ranged Weapons
   776 | D:2      | 776 ||| UPGRADING to +0 ring mail.
   786 | D:2      | 786 ||| DROPPING +0 leather armour.
   787 | D:2      | 787 ||| READING scroll labelled POEDOU VIRYONN.
   788 | D:2      | 788 ||| READING scroll labelled DULOER CAHAMA.
   789 | D:2      | 789 ||| READING 2 scrolls of identify.
   789 | D:2      | 789 ||| IDENTIFYING red potion
   853 | D:3      | Reached skill level 1 in Armour
   859 | D:3      | Noticed Ijyb
   861 | D:3      | HP: 3/21 [Ijyb/bolt of acid (18)]
   862 | D:3      | 862 ||| FLEEEEING.
   863 | D:3      | 863 ||| FLEEEEING.
   864 | D:3      | 864 ||| FLEEEEING.
   865 | D:3      | 865 ||| FLEEEEING.
   869 | D:3      | 869 ||| FLEEEEING.
   870 | D:3      | 870 ||| FLEEEEING.
   871 | D:3      | 871 ||| FLEEEEING.
   872 | D:3      | 872 ||| FLEEEEING.
   873 | D:3      | 873 ||| FLEEEEING.
   874 | D:3      | 874 ||| FLEEEEING.
   875 | D:3      | 875 ||| FLEEEEING.
   876 | D:3      | 876 ||| FLEEEEING.
   877 | D:3      | 877 ||| FLEEEEING.
   878 | D:3      | 878 ||| FLEEEEING.
   879 | D:3      | 879 ||| FLEEEEING.
   880 | D:3      | 880 ||| STAIRDANCE
   940 | D:2      | 940 ||| READING scroll labelled NISIOFUXTE.
   951 | D:3      | 951 ||| STAIRDANCE
   955 | D:2      | HP: 2/21 [Ijyb/bolt of acid (9)]
   956 | D:2      | Slain by Ijyb

Levels and vault maps discovered:
D:1:      matt_arrival_los_fun, layout_rooms
D:2:      layout_rooms, basic_altar
D:3:      layout_rooms, mainiacjoe_overflow_divided_tiny,
          nicolae_figureground_sparkle, uniq_ijyb

Skill      XL: |  1  2  3 |
---------------+----------+-----
Ranged Weapons | 5 |  5.0
Armour         | 1 |  1.2
Fighting       | |  2.2
Dodging        | |  1.5
Stealth        | |  1.1

Action                     || total
---------------------------++-------
   Fire: Shortbow          ||   103
    Use: Scroll            ||     5
 Armour: Leather armour    ||     2
         Ring mail         ||     4
  Dodge: Dodged            ||    20

Table legend:
 A = Non-vault XP
 B = Vault XP
 C = Vault XP percentage of total XP
 D = Non-vault monster count
 E = Vault monster count
 F = Vault count percentage of total count
                 A         B        C        D         E       F
            +---------+---------+-------+---------+---------+-------
      Total |      61 |       0 |   0.0 |      27 |       0 |   0.0
            +---------+---------+-------+---------+---------+-------
        D:1 |      18 |       0 |   0.0 |      11 |       0 |   0.0
        D:2 |      22 |       0 |   0.0 |      11 |       0 |   0.0
        D:3 |      21 |       0 |   0.0 |       5 |       0 |   0.0
            +---------+---------+-------+---------+---------+-------
